[Event "Turkish Super League 2019"]
[Site "Konya"]
[Date "2019.07.23"]
[Round "7"]
[White "Rozum, Ivan"]
[Black "Haznedaroglu, Kivanc"]
[Result "1-0"]
[ECO "A13"]
[WhiteElo "2583"]
[BlackElo "2448"]
[Annotator "ChessBase"]
[PlyCount "99"]
[EventDate "2019.07.17"]
[EventType "team-tourn"]
[EventCountry "TUR"]
[SourceTitle "playchess.com"]
[Source "ChessBase"]
[SourceQuality "1"]
[TimeControl "40/5400+30:1800+30"]

1. Nf3 Nf6 2. c4 e6 3. Nc3 d5 4. e3 Be7 5. b3 O-O 6. Bb2 b6 7. cxd5 exd5 8. d4 c5 9. Be2 Bb7 10. O-O Nbd7 11. Ne5 cxd4 12. exd4 Ne4 13. Nxe4 dxe4 14. Bc4 Nxe5 15. dxe5 Qxd1 16. Raxd1 Rfd8 17. Bc1 Kf8 18. Be3 Rxd1 19. Rxd1 Rd8 20. Rd4 Bc6 21. a4 Re8 22. Bb5 Bxb5 23. axb5 Bc5 24. Rxe4 Bxe3 25. Rxe3 Rc8 26. f4 Rc5 27. Kf2 Rxb5 28. Rc3 g5 29. Kf3 Ke7 30. g3 gxf4 31. gxf4 f6 32. Ke4 fxe5 33. fxe5 a5 34. Kf5 h5 35. Rc7+ Kd8 36. Rc3 Ke7 37. Rh3 Rb4 38. Rxh5 Rxb3 39. Rh7+ Kf8 40. h4 a4 41. h5 a3 42. Ra7 Rh3 43. Kg4 Re3 44. h6 Kg8 45. Kf4 Re1 46. Rxa3 Kh7 47. Rh3 b5 48. Kf5 Rf1+ 49. Ke4 Rb1 50. e6 1-0

[Event "Turkish Super League 2019"]
[Site "Konya"]
[Date "2019.07.23"]
[Round "7"]
[White "Romanov, Evgeny"]
[Black "Kravtsiv, Martyn"]
[Result "1/2-1/2"]
[ECO "A06"]
[WhiteElo "2582"]
[BlackElo "2628"]
[Annotator "ChessBase"]
[PlyCount "60"]
[EventDate "2019.07.17"]
[EventType "team-tourn"]
[EventCountry "TUR"]
[SourceTitle "playchess.com"]
[Source "ChessBase"]
[SourceQuality "1"]
[TimeControl "40/5400+30:1800+30"]

1. Nf3 d5 2. b3 Nf6 3. Bb2 e6 4. e3 Be7 5. g4 Nxg4 6. Bxg7 Rg8 7. Bb2 Bh4 8. Nxh4 Qxh4 9. Qf3 Nxh2 10. Qh3 Qxh3 11. Bxh3 Nf3+ 12. Kf1 Nc6 13. Bg2 Ne1 14. Kxe1 Rxg2 15. Rxh7 b6 16. d3 Ke7 17. Ba3+ Kf6 18. Kf1 Rg7 19. Rxg7 Kxg7 20. Nc3 Ba6 21. Ke2 f6 22. Rg1+ Kf7 23. Rh1 Rg8 24. Rh7+ Rg7 25. Rh8 Rg8 26. Rh7+ Rg7 27. Rh8 Rg8 28. Rh7+ Rg7 29. Rh8 Rg8 30. Rh7+ Rg7 1/2-1/2

[Event "Turkish Super League 2019"]
[Site "Konya"]
[Date "2019.07.23"]
[Round "7"]
[White "Dastan, Muhammed Batuhan"]
[Black "Nihal Sarin"]
[Result "1/2-1/2"]
[ECO "B56"]
[WhiteElo "2565"]
[BlackElo "2610"]
[Annotator "ChessBase"]
[PlyCount "95"]
[EventDate "2019.07.17"]
[EventType "team-tourn"]
[EventCountry "TUR"]
[SourceTitle "playchess.com"]
[Source "ChessBase"]
[SourceQuality "1"]
[TimeControl "40/5400+30:1800+30"]

1. e4 c5 2. Nf3 d6 3. d4 cxd4 4. Nxd4 Nf6 5. Nc3 Nc6 6. f3 e5 7. Nb3 Be7 8. Be3 Be6 9. Qe2 Qc8 10. O-O-O O-O 11. a3 Rb8 12. Kb1 b5 13. Nd5 Bd8 14. Nxf6+ Bxf6 15. Rxd6 Qc7 16. Rd1 a5 17. Nc5 Nd4 18. Bxd4 exd4 19. Nxe6 fxe6 20. g3 a4 21. e5 Bxe5 22. f4 Bf6 23. Qxe6+ Kh8 24. Bd3 b4 25. axb4 Rxb4 26. Kc1 Rb6 27. Qf5 g6 28. Qa5 Rfb8 29. Rhe1 Qc6 30. Be4 Qd7 31. Qd5 Qg7 32. Kd2 Rxb2 33. Bd3 Be7 34. Re6 a3 35. Ke2 Rd8 36. Qe4 Bf8 37. Ra6 Rb7 38. Kf3 Ra7 39. Rxa7 Qxa7 40. Qe6 Qd7 41. Qxd7 Rxd7 42. Bc4 Ra7 43. Ba2 Rc7 44. Rxd4 Rxc2 45. Rd8 Rxa2 46. Rxf8+ Kg7 47. Ra8 Rxh2 48. Rxa3 1/2-1/2

[Event "Turkish Super League 2019"]
[Site "Konya"]
[Date "2019.07.23"]
[Round "7"]
[White "Heberla, Bartlomiej"]
[Black "Gulbas, Cemil"]
[Result "1-0"]
[ECO "A57"]
[WhiteElo "2534"]
[BlackElo "2380"]
[Annotator "ChessBase"]
[PlyCount "39"]
[EventDate "2019.07.17"]
[EventType "team-tourn"]
[EventCountry "TUR"]
[SourceTitle "playchess.com"]
[Source "ChessBase"]
[SourceQuality "1"]
[TimeControl "40/5400+30:1800+30"]

1. d4 Nf6 2. c4 c5 3. d5 b5 4. Qc2 g6 5. e4 Bg7 6. Nf3 O-O 7. cxb5 a6 8. Nc3 d6 9. a4 e6 10. dxe6 fxe6 11. Bg5 Qa5 12. Bd2 Qd8 13. e5 Nd5 14. exd6 Nb4 15. Qe4 Ra7 16. Bc4 Qxd6 17. O-O Rxf3 18. Qxf3 Qxd2 19. Rad1 Qg5 20. Qg3 1-0

[Event "Turkish Super League 2019"]
[Site "Konya"]
[Date "2019.07.23"]
[Round "7"]
[White "Rasulov, Vugar"]
[Black "Rakhmanov, Aleksandr"]
[Result "1/2-1/2"]
[ECO "C42"]
[WhiteElo "2534"]
[BlackElo "2615"]
[Annotator "RC"]
[PlyCount "160"]
[EventDate "2019.07.17"]
[EventType "team-tourn"]
[EventCountry "TUR"]
[SourceTitle "playchess.com"]
[Source "ChessBase"]
[SourceQuality "1"]
[TimeControl "40/5400+30:1800+30"]

1. e4 e5 2. Nf3 Nf6 3. Nxe5 d6 4. Nf3 Nxe4 5. d4 d5 6. Bd3 Bf5 7. O-O Be7 8. Re1 O-O 9. Nbd2 Nd6 10. Nf1 c6 11. Ng3 Bxd3 12. Qxd3 Na6 13. Bf4 Nc7 14. Nf5 Nxf5 15. Bxc7 Qxc7 16. Qxf5 g6 17. Qd3 Bf6 18. c3 Rfe8 19. g3 Kg7 20. Kg2 h5 21. h4 Qd6 22. Re2 Rxe2 23. Qxe2 Qe7 24. Qxe7 Bxe7 25. Re1 Bd6 26. Re2 a5 27. Ne1 f6 28. Nd3 Kf7 29. Kf3 b6 30. Nf4 Rc8 31. Ng2 Bf8 32. Nf4 Bh6 33. Re1 Bf8 34. Re2 Bh6 35. Re1 Rd8 36. Re2 Rd7 37. Re1 Rd8 38. Re2 Rb8 39. Re1 Ra8 40. Re2 Rb8 41. Re1 Bxf4 42. Kxf4 c5 43. f3 cxd4 44. cxd4 Rc8 45. Re3 Rc4 46. Rd3 b5 47. Rd2 Rc1 48. Rd3 Rc4 49. g4 hxg4 50. fxg4 a4 51. b3 axb3 52. axb3 Rc1 53. Rd2 Re1 54. Kf3 Re4 55. Kg3 Ke6 56. b4 f5 57. gxf5+ gxf5 58. Rd3 Rg4+ 59. Kh3 Kf6 60. Rd2 Rf4 61. Rd3 Re4 62. Rd2 Re3+ 63. Kh2 f4 64. Rg2 Kf5 65. h5 Re8 66. Kh3 f3 67. Rg7 Kf4 68. h6 Re6 69. Rf7+ Ke3 70. h7 Rh6+ 71. Kg3 f2 72. Re7+ Kxd4 73. Kxf2 Kc4 74. Ke3 Kxb4 75. Kd4 Rh5 76. Rb7 Ka4 77. Kc5 d4+ 78. Kxd4 b4 79. Kc4 Rh4+ 80. Kc5 Rh5+ 1/2-1/2

[Event "Turkish Super League 2019"]
[Site "Konya"]
[Date "2019.07.23"]
[Round "7"]
[White "Ali Marandi, Cemil Can"]
[Black "Tarlabasi, Emirhan"]
[Result "1-0"]
[ECO "D61"]
[WhiteElo "2527"]
[BlackElo "2352"]
[Annotator "ChessBase"]
[PlyCount "119"]
[EventDate "2019.07.17"]
[EventType "team-tourn"]
[EventCountry "TUR"]
[SourceTitle "playchess.com"]
[Source "ChessBase"]
[SourceQuality "1"]
[TimeControl "40/5400+30:1800+30"]

1. d4 d5 2. c4 e6 3. Nf3 Nf6 4. Bg5 Be7 5. Qc2 O-O 6. e3 Nbd7 7. Nc3 h6 8. h4 c5 9. Bxf6 Nxf6 10. O-O-O Qa5 11. Ne5 cxd4 12. exd4 Bb4 13. Rh3 Bxc3 14. Rxc3 dxc4 15. g4 Nd5 16. Ra3 Qd8 17. Bxc4 Qxh4 18. Kb1 b5 19. Bxd5 exd5 20. Rg1 Qg5 21. Rh3 Qf4 22. Re3 Be6 23. Qd2 Rac8 24. Re2 Qxd2 25. Rxd2 f6 26. Nd3 Bf7 27. Nc5 Rfe8 28. a3 Re7 29. Rg3 Re1+ 30. Ka2 Bg6 31. a4 bxa4 32. Nxa4 Bb1+ 33. Ka3 Bc2 34. b3 Bg6 35. Rc3 Rc1 36. Rxc8+ Rxc8 37. Nc5 Re8 38. Kb4 Re7 39. Ra2 Bb1 40. Ra6 Kf7 41. f3 Bc2 42. Ra1 Bg6 43. Kb5 h5 44. Kc6 hxg4 45. fxg4 Be4 46. Nxe4 dxe4 47. d5 e3 48. d6 Re5 49. Rxa7+ Kg6 50. d7 e2 51. Ra1 Re6+ 52. Kc7 e1=Q 53. Rxe1 Rxe1 54. d8=Q Re5 55. b4 Kg5 56. Qd7 g6 57. b5 f5 58. gxf5 gxf5 59. b6 Rc5+ 60. Kd8 1-0

[Event "Turkish Super League 2019"]
[Site "Konya"]
[Date "2019.07.23"]
[Round "7"]
[White "Visakh N R"]
[Black "Can, Emre"]
[Result "1/2-1/2"]
[ECO "A65"]
[WhiteElo "2526"]
[BlackElo "2595"]
[Annotator "ChessBase"]
[PlyCount "91"]
[EventDate "2019.07.17"]
[EventType "team-tourn"]
[EventCountry "TUR"]
[SourceTitle "playchess.com"]
[Source "ChessBase"]
[SourceQuality "1"]
[TimeControl "40/5400+30:1800+30"]

1. d4 Nf6 2. c4 c5 3. d5 e6 4. Nc3 exd5 5. cxd5 d6 6. e4 g6 7. Nge2 Bg7 8. Ng3 O-O 9. Be2 Na6 10. O-O Nc7 11. Bg5 h6 12. Be3 a6 13. Qd2 Kh7 14. f4 Re8 15. Rad1 b5 16. e5 Ng4 17. Bxg4 Bxg4 18. Rde1 dxe5 19. d6 Ne6 20. fxe5 Bxe5 21. Rxf7+ Kg8 22. Ref1 Ng5 23. Bxg5 Qxg5 24. Qxg5 hxg5 25. Nd5 Bxd6 26. Rb7 Be5 27. Ne7+ Kg7 28. Nc6+ Kg8 29. Nxe5 Rxe5 30. Rf6 Bf5 31. Nxf5 Rxf5 32. Rxg6+ Kf8 33. h3 c4 34. Rh7 Rc5 35. Rh8+ Kf7 36. Rxa8 Kxg6 37. Rxa6+ Kf5 38. Ra5 Re5 39. Kf2 Ke4 40. a4 bxa4 41. Rxa4 Kd3 42. Ra3+ Kd4 43. Rc3 Re8 44. Rc2 Kd3 45. Rc3+ Kd4 46. Rc2 1/2-1/2

[Event "Turkish Super League 2019"]
[Site "Konya"]
[Date "2019.07.23"]
[Round "7"]
[White "Annaberdiev, Meilis"]
[Black "Mchedlishvili, Mikheil"]
[Result "1/2-1/2"]
[ECO "A25"]
[WhiteElo "2515"]
[BlackElo "2571"]
[Annotator "ChessBase"]
[PlyCount "83"]
[EventDate "2019.07.17"]
[EventType "team-tourn"]
[EventCountry "TUR"]
[SourceTitle "playchess.com"]
[Source "ChessBase"]
[SourceQuality "1"]
[TimeControl "40/5400+30:1800+30"]

1. c4 e5 2. g3 Nc6 3. Bg2 f5 4. Nc3 Nf6 5. e3 d5 6. cxd5 Nb4 7. d3 c6 8. a3 Nbxd5 9. Nge2 Be6 10. O-O Bd6 11. e4 fxe4 12. Nxe4 Nxe4 13. dxe4 Nf6 14. Qc2 Qe7 15. Kh1 O-O 16. f3 Nd7 17. Be3 Bc5 18. Bd2 a5 19. Rae1 a4 20. f4 Nf6 21. h3 Bb3 22. Qc1 Rad8 23. fxe5 Qxe5 24. Rf5 Qe7 25. Bg5 Bb6 26. e5 Qd7 27. g4 Nd5 28. Bxd8 Rxd8 29. Nf4 Nxf4 30. Qxf4 Be6 31. Rf1 Bxf5 32. gxf5 Qd4 33. Qg3 Qe3 34. Bf3 Qd3 35. Qg2 Kh8 36. e6 Bc5 37. Be4 Qd2 38. Qxd2 Rxd2 39. Rc1 Be7 40. Rc4 g6 41. fxg6 hxg6 42. Bxg6 1/2-1/2

[Event "Turkish Super League 2019"]
[Site "Konya"]
[Date "2019.07.23"]
[Round "7"]
[White "Asadli, Vugar"]
[Black "Gadimbayli, Abdulla"]
[Result "1/2-1/2"]
[ECO "C29"]
[WhiteElo "2502"]
[BlackElo "2414"]
[Annotator "ChessBase"]
[PlyCount "60"]
[EventDate "2019.07.17"]
[EventType "team-tourn"]
[EventCountry "TUR"]
[SourceTitle "playchess.com"]
[Source "ChessBase"]
[SourceQuality "1"]
[TimeControl "40/5400+30:1800+30"]

1. e4 e5 2. Nc3 Nf6 3. f4 d5 4. fxe5 Nxe4 5. Qf3 Nc6 6. Bb5 Bc5 7. Nxe4 dxe4 8. Qxe4 O-O 9. Bxc6 bxc6 10. Nf3 Be6 11. c3 Bd5 12. Qe2 Bb6 13. d4 c5 14. dxc5 Bxc5 15. Be3 Bxe3 16. Qxe3 Bxf3 17. Qxf3 Qg5 18. O-O Qxe5 19. Rad1 Qe6 20. b3 Rad8 21. Rfe1 Rxd1 22. Rxd1 Re8 23. h3 g6 24. c4 a5 25. Qd5 Qe3+ 26. Kh1 Qe2 27. Qd2 Qe5 28. Qd5 Qe2 29. Qd2 Qe5 30. Qd5 Qe2 1/2-1/2

[Event "Turkish Super League 2019"]
[Site "Konya"]
[Date "2019.07.23"]
[Round "7"]
[White "Benidze, Davit"]
[Black "Abasov, Nijat"]
[Result "1/2-1/2"]
[ECO "A09"]
[WhiteElo "2469"]
[BlackElo "2641"]
[Annotator "ChessBase"]
[PlyCount "43"]
[EventDate "2019.07.17"]
[EventType "team-tourn"]
[EventCountry "TUR"]
[SourceTitle "playchess.com"]
[Source "ChessBase"]
[SourceQuality "1"]
[TimeControl "40/5400+30:1800+30"]

1. Nf3 Nf6 2. g3 c5 3. Bg2 Nc6 4. O-O e5 5. d3 d5 6. c4 d4 7. e3 dxe3 8. Bxe3 Bf5 9. Qb3 Rb8 10. Nc3 Be7 11. Nd5 Nxd5 12. cxd5 Nd4 13. Bxd4 exd4 14. Qa4+ Kf8 15. Qxa7 Bxd3 16. Rfe1 Bd6 17. b4 Ra8 18. Qxb7 Rb8 19. Qa7 Ra8 20. Qb7 Rb8 21. Qa7 Ra8 22. Qb7 1/2-1/2

[Event "Turkish Super League 2019"]
[Site "Konya"]
[Date "2019.07.23"]
[Round "7"]
[White "Firat, Burak"]
[Black "Samani, Yamac"]
[Result "0-1"]
[ECO "C79"]
[WhiteElo "2463"]
[BlackElo "2266"]
[Annotator "ChessBase"]
[PlyCount "108"]
[EventDate "2019.07.17"]
[EventType "team-tourn"]
[EventCountry "TUR"]
[SourceTitle "playchess.com"]
[Source "ChessBase"]
[SourceQuality "1"]
[TimeControl "40/5400+30:1800+30"]

1. e4 e5 2. Nf3 Nc6 3. Bb5 a6 4. Ba4 d6 5. O-O Bd7 6. c3 g6 7. d4 Bg7 8. Re1 b5 9. Bb3 Nf6 10. h3 O-O 11. a3 Re8 12. Nbd2 a5 13. d5 Nb8 14. a4 b4 15. Nc4 Na6 16. Bc2 bxc3 17. bxc3 Nc5 18. Ba3 Nh5 19. Bxc5 dxc5 20. Bd3 Nf4 21. Bf1 h5 22. Ne3 c6 23. dxc6 Bxc6 24. Bb5 Bxe4 25. Bxe8 Qxe8 26. Nc4 Rd8 27. Nd6 Rxd6 28. Qxd6 Bxf3 29. gxf3 Qc8 30. Rxe5 Nxh3+ 31. Kf1 Nf4 32. Re8+ Qxe8 33. Qxf4 Bxc3 34. Rb1 Kg7 35. Rb7 Qe6 36. Kg2 Bd4 37. Ra7 Qa2 38. Kh3 Qe6+ 39. Kg2 Qa2 40. Kh3 Bc3 41. Kg2 Qd5 42. Qe4 Qg5+ 43. Kf1 Bd4 44. Qe8 Qd5 45. Ra8 Kf6 46. Ra6+ Kg5 47. Qe2 h4 48. Rxa5 h3 49. Ra7 Kh6 50. Qe4 Qg5 51. f4 Qg4 52. Re7 Qh4 53. Kg1 Qxf2+ 54. Kh1 Qg1# 0-1

[Event "Turkish Super League 2019"]
[Site "Konya"]
[Date "2019.07.23"]
[Round "7"]
[White "Tsolakidou, Stavroula"]
[Black "Atalik, Ekaterina"]
[Result "1-0"]
[ECO "D03"]
[WhiteElo "2423"]
[BlackElo "2459"]
[Annotator "ChessBase"]
[PlyCount "79"]
[EventDate "2019.07.17"]
[EventType "team-tourn"]
[EventCountry "TUR"]
[SourceTitle "playchess.com"]
[Source "ChessBase"]
[SourceQuality "1"]
[TimeControl "40/5400+30:1800+30"]

1. Nf3 Nf6 2. d4 g6 3. Bg5 Ne4 4. Bh4 c5 5. c3 Bg7 6. e3 d5 7. Nbd2 cxd4 8. exd4 Nd6 9. h3 O-O 10. Qb3 Nf5 11. Bg5 Nc6 12. g4 Nh6 13. O-O-O f6 14. Bh4 Nf7 15. Bd3 Qa5 16. g5 fxg5 17. Nxg5 Nxg5 18. Bxg5 Bf5 19. Bxf5 Rxf5 20. Be3 b5 21. a3 Qb6 22. h4 b4 23. axb4 a5 24. bxa5 Qxa5 25. h5 gxh5 26. Rdg1 Kh8 27. Qb7 Rf6 28. Qb3 Rf5 29. Rg5 Rxg5 30. Bxg5 Qa6 31. Qxd5 Qd3 32. Nb3 Qg6 33. Be3 e5 34. dxe5 Rd8 35. Qf3 h4 36. Rxh4 Nxe5 37. Qh5 Qg1+ 38. Kc2 h6 39. Bxh6 Kg8 40. Bd2 1-0

[Event "Turkish Super League 2019"]
[Site "Konya"]
[Date "2019.07.23"]
[Round "7"]
[White "Kerigan, Demre"]
[Black "Quparadze, Giga"]
[Result "1-0"]
[ECO "B43"]
[WhiteElo "2398"]
[BlackElo "2499"]
[Annotator "ChessBase"]
[PlyCount "63"]
[EventDate "2019.07.17"]
[EventType "team-tourn"]
[EventCountry "TUR"]
[SourceTitle "playchess.com"]
[Source "ChessBase"]
[SourceQuality "1"]
[TimeControl "40/5400+30:1800+30"]

1. e4 c5 2. Nf3 e6 3. d4 cxd4 4. Nxd4 a6 5. Nc3 Qc7 6. Qf3 Nf6 7. Bg5 Bb4 8. O-O-O Bxc3 9. bxc3 Qe5 10. Be3 Qxe4 11. Qg3 O-O 12. Bd3 Qg4 13. Qd6 Nc6 14. h3 Qh5 15. Nxc6 dxc6 16. g4 Qa5 17. g5 Nd7 18. h4 Qxc3 19. Bd4 Qa5 20. g6 hxg6 21. Bb2 e5 22. h5 Qc5 23. Qc7 b6 24. hxg6 Rb8 25. Rh4 Re8 26. Rdh1 Kf8 27. Rh8+ Ke7 28. Rxe8+ Kxe8 29. Rh8+ Ke7 30. Qd8+ Ke6 31. Re8+ Kd6 32. gxf7 1-0

[Event "Turkish Super League 2019"]
[Site "Konya"]
[Date "2019.07.23"]
[Round "7"]
[White "Ertan, Can"]
[Black "Gholami, Aryan"]
[Result "0-1"]
[ECO "B42"]
[WhiteElo "2396"]
[BlackElo "2532"]
[Annotator "ChessBase"]
[PlyCount "80"]
[EventDate "2019.07.17"]
[EventType "team-tourn"]
[EventCountry "TUR"]
[SourceTitle "playchess.com"]
[Source "ChessBase"]
[SourceQuality "1"]
[TimeControl "40/5400+30:1800+30"]

1. e4 c5 2. Nf3 e6 3. d4 cxd4 4. Nxd4 a6 5. Bd3 g6 6. c4 Bg7 7. Nc2 Ne7 8. Nc3 Nbc6 9. O-O O-O 10. Bg5 h6 11. Bh4 g5 12. Bg3 Ne5 13. f4 gxf4 14. Bxf4 N7g6 15. Bg3 d6 16. Be2 Qg5 17. Kh1 h5 18. Qc1 Qe7 19. Qd2 Bd7 20. Rad1 h4 21. Bf2 Rfc8 22. Qxd6 Qxd6 23. Rxd6 Be8 24. Ne3 Nf4 25. Rc1 b5 26. Bf1 bxc4 27. Bxh4 Ned3 28. Rc2 Be5 29. Nxc4 Rxc4 30. Rxd3 Nxd3 31. Bxd3 Rb4 32. Kg1 a5 33. Bg5 Rc8 34. Kf2 Rd4 35. Ba6 Rc7 36. g3 Bc6 37. Be3 Rb4 38. a3 Rb3 39. Bc4 Rxc3 40. bxc3 Bxe4 0-1

[Event "Turkish Super League 2019"]
[Site "Konya"]
[Date "2019.07.23"]
[Round "7"]
[White "Osmak, Iulija"]
[Black "Savina, Anastasia"]
[Result "1/2-1/2"]
[ECO "C41"]
[WhiteElo "2395"]
[BlackElo "2344"]
[Annotator "NA"]
[PlyCount "119"]
[EventDate "2019.07.17"]
[EventType "team-tourn"]
[EventCountry "TUR"]
[SourceTitle "playchess.com"]
[Source "ChessBase"]
[SourceQuality "1"]
[TimeControl "40/5400+30:1800+30"]

1. d4 d6 2. e4 Nf6 3. Nc3 e5 4. Nf3 Nbd7 5. Bc4 Be7 6. a4 O-O 7. O-O a5 8. h3 b6 9. Re1 Bb7 10. Bg5 h6 11. Bxf6 Bxf6 12. Nd5 Re8 13. c3 c6 14. Nxf6+ Nxf6 15. dxe5 dxe5 16. Nh4 Qxd1 17. Raxd1 Red8 18. Nf5 Ne8 19. g4 Kf8 20. h4 h5 21. gxh5 b5 22. axb5 cxb5 23. Rxd8 Rxd8 24. Bxb5 Nf6 25. Ng3 Rd2 26. b3 Rb2 27. Bc4 Rc2 28. Re3 Ng4 29. Rf3 f6 30. Be6 Nh6 31. Rd3 Ke7 32. Bc4 Bc6 33. f3 Rb2 34. Nf1 f5 35. Rd2 Rb1 36. Rg2 Kf8 37. Rg6 Be8 38. Rg5 Rc1 39. Kf2 Rc2+ 40. Ke1 Rxc3 41. Nd2 Rc1+ 42. Kf2 Rh1 43. exf5 Rxh4 44. Be6 Nf7 45. Rg4 Rh2+ 46. Ke3 Nd6 47. Ne4 Bb5 48. Nc3 Bc6 49. Rg5 Be8 50. Ne4 Bb5 51. Nc3 Be8 52. Nd5 Bf7 53. Rg1 Nxf5+ 54. Bxf5 Bxd5 55. Ra1 Rxh5 56. Rxa5 Bxb3 57. Rxe5 Bc2 58. Kf4 Bxf5 59. Rxf5+ Rxf5+ 60. Kxf5 1/2-1/2

[Event "Turkish Super League 2019"]
[Site "Konya"]
[Date "2019.07.23"]
[Round "7"]
[White "Yurtseven, Melih"]
[Black "Tasdogen, Dincer"]
[Result "1-0"]
[ECO "E61"]
[WhiteElo "2381"]
[BlackElo "2310"]
[Annotator "NA"]
[PlyCount "99"]
[EventDate "2019.07.17"]
[EventType "team-tourn"]
[EventCountry "TUR"]
[SourceTitle "playchess.com"]
[Source "ChessBase"]
[SourceQuality "1"]
[TimeControl "40/5400+30:1800+30"]

1. d4 d6 2. Nf3 Nf6 3. c4 Nbd7 4. Nc3 e5 5. e3 g6 6. Be2 Bg7 7. b4 O-O 8. Bb2 exd4 9. Nxd4 Re8 10. O-O Nb6 11. a3 Nfd7 12. Qc2 a5 13. Ncb5 Ne5 14. c5 dxc5 15. bxc5 Nd5 16. c6 Qe7 17. Rad1 Ra6 18. Nc3 Nxc3 19. Bxc3 Ra8 20. Qb2 bxc6 21. Nxc6 Qe6 22. Nxe5 Bxe5 23. Bxe5 Qxe5 24. Qxe5 Rxe5 25. Rd8+ Kg7 26. Rc1 Re7 27. Bf3 c6 28. Rxc6 Bb7 29. Rxa8 Bxa8 30. Rc5 Bxf3 31. gxf3 Ra7 32. a4 Kf6 33. Kg2 Ke6 34. f4 Kd6 35. Rb5 Kc6 36. f5 Ra8 37. Kf3 f6 38. h4 Ra7 39. fxg6 hxg6 40. Kg4 Kd6 41. h5 gxh5+ 42. Rxh5 Ke6 43. Rb5 Ra8 44. Kf4 Ra6 45. e4 Ke7 46. Kf5 Kf7 47. Rb7+ Ke8 48. f3 Kd8 49. Rf7 Rc6 50. Ra7 1-0

[Event "Turkish Super League 2019"]
[Site "Konya"]
[Date "2019.07.23"]
[Round "7"]
[White "Tanriverdi, Enes"]
[Black "Akdogan, Alperen"]
[Result "1-0"]
[ECO "E17"]
[WhiteElo "2374"]
[BlackElo "2193"]
[Annotator "NA"]
[PlyCount "101"]
[EventDate "2019.07.17"]
[EventType "team-tourn"]
[EventCountry "TUR"]
[SourceTitle "playchess.com"]
[Source "ChessBase"]
[SourceQuality "1"]
[TimeControl "40/5400+30:1800+30"]

1. d4 Nf6 2. c4 e6 3. Nf3 b6 4. g3 Bb7 5. Bg2 Be7 6. O-O O-O 7. Re1 Ne4 8. Nfd2 d5 9. cxd5 exd5 10. Nxe4 dxe4 11. Nc3 f5 12. Bf4 Bd6 13. Bxd6 Qxd6 14. Rc1 a6 15. e3 Nd7 16. a3 Nf6 17. Qb3+ Kh8 18. Rc2 Rae8 19. Qb4 Qd8 20. a4 g5 21. a5 b5 22. Qc5 Qd7 23. Bh3 g4 24. Bg2 Bd5 25. Ne2 c6 26. Nf4 Rc8 27. Rec1 Rfd8 28. Qb6 Bc4 29. Qxa6 Nd5 30. Nxd5 Bxd5 31. Qb6 Rb8 32. Qc5 Ra8 33. Qa3 Qa7 34. b4 Qe7 35. Bf1 Rd7 36. Be2 h5 37. Bd1 h4 38. Rc3 hxg3 39. fxg3 Bc4 40. Bb3 Bd3 41. Rxc6 f4 42. exf4 Rxd4 43. Qa1 Rad8 44. a6 e3 45. a7 e2 46. Qxd4+ Rxd4 47. a8=Q+ Rd8 48. Qa1+ Kh7 49. Qe5 Qxe5 50. fxe5 Rf8 51. Rf6 1-0

[Event "Turkish Super League 2019"]
[Site "Konya"]
[Date "2019.07.23"]
[Round "7"]
[White "Ozer, Omer Faruk"]
[Black "Kamer, Kayra"]
[Result "1-0"]
[ECO "E70"]
[WhiteElo "2369"]
[BlackElo "2340"]
[Annotator "NA"]
[PlyCount "119"]
[EventDate "2019.07.17"]
[EventType "team-tourn"]
[EventCountry "TUR"]
[SourceTitle "playchess.com"]
[Source "ChessBase"]
[SourceQuality "1"]
[TimeControl "40/5400+30:1800+30"]

1. d4 Nf6 2. c4 g6 3. Nc3 Bg7 4. e4 d6 5. Nge2 O-O 6. Ng3 c5 7. d5 e6 8. Be2 Na6 9. O-O Nc7 10. a4 Re8 11. Be3 exd5 12. cxd5 b6 13. Qd2 Rb8 14. Kh1 a6 15. f4 b5 16. axb5 axb5 17. e5 b4 18. Nce4 Nxe4 19. Nxe4 dxe5 20. d6 Ne6 21. Bc4 exf4 22. Bxf4 Bd7 23. Bg5 Nxg5 24. Nxg5 Be6 25. Nxf7 Qd7 26. Bxe6 Rxe6 27. Qd5 Rbe8 28. Rad1 h6 29. Qxc5 Rf8 30. Qc7 Rxf7 31. Rxf7 Qxf7 32. d7 Bf6 33. h3 Re2 34. d8=Q+ Bxd8 35. Rxd8+ Re8 36. Rxe8+ Qxe8 37. Qc4+ Kh7 38. Qxb4 Qe5 39. Qc3 Qf4 40. Kg1 h5 41. b4 h4 42. b5 Qd6 43. Qb2 Qb6+ 44. Kh1 Qe3 45. Qb1 Qb6 46. Qb4 Kg8 47. Qc4+ Kg7 48. Qc3+ Kh6 49. Qe5 Qd8 50. Qe3+ Kh7 51. b6 Qd1+ 52. Qg1 Qb3 53. Qc5 g5 54. Qc7+ Kh6 55. b7 g4 56. hxg4 h3 57. Qf4+ Kg6 58. b8=Q hxg2+ 59. Kxg2 Qb7+ 60. Kg3 1-0

[Event "Turkish Super League 2019"]
[Site "Konya"]
[Date "2019.07.23"]
[Round "7"]
[White "Ozturk, Kubra"]
[Black "Szczepkowska, Karina"]
[Result "1/2-1/2"]
[ECO "E20"]
[WhiteElo "2317"]
[BlackElo "2425"]
[Annotator "NA"]
[PlyCount "129"]
[EventDate "2019.07.17"]
[EventType "team-tourn"]
[EventCountry "TUR"]
[SourceTitle "playchess.com"]
[Source "ChessBase"]
[SourceQuality "1"]
[TimeControl "40/5400+30:1800+30"]

1. d4 Nf6 2. c4 e6 3. Nc3 Bb4 4. g3 c5 5. Nf3 cxd4 6. Nxd4 Ne4 7. Qd3 Qa5 8. Nb3 Nxc3 9. Bd2 Ne4 10. Qxe4 Bxd2+ 11. Nxd2 O-O 12. Bg2 Rd8 13. Qd3 Qe5 14. Rb1 d5 15. cxd5 exd5 16. Nf3 Qf6 17. Nd4 Nc6 18. Rd1 Bg4 19. h3 Bh5 20. Qf5 Nxd4 21. Qxf6 Nc2+ 22. Kd2 gxf6 23. Kxc2 Bxe2 24. Rxd5 Rac8+ 25. Kd2 Rxd5+ 26. Bxd5 Rd8 27. Kxe2 Rxd5 28. Rc1 Rd7 29. Rc2 Kg7 30. Ke3 Kg6 31. Rc4 Kg7 32. a4 Re7+ 33. Kd3 Rd7+ 34. Kc3 Re7 35. b4 f5 36. a5 Kg6 37. Rf4 Rc7+ 38. Kd4 Rc2 39. Ke5 Re2+ 40. Kd6 Rc2 41. g4 fxg4 42. hxg4 f6 43. f3 Rc3 44. Rf5 a6 45. Ke6 Re3+ 46. Kd6 h5 47. Rxh5 Rxf3 48. Kc7 Rb3 49. Kxb7 Rxb4+ 50. Kxa6 Rxg4 51. Rb5 Re4 52. Kb6 Re6+ 53. Kb7 Re7+ 54. Kb8 f5 55. a6 Kg5 56. a7 Kg4 57. Rc5 Rxa7 58. Kxa7 f4 59. Rc1 f3 60. Kb6 f2 61. Kc5 Kf3 62. Kd4 Kg2 63. Ke3 f1=Q 64. Rxf1 Kxf1 65. Kd4 1/2-1/2

[Event "Turkish Super League 2019"]
[Site "Konya"]
[Date "2019.07.23"]
[Round "7"]
[White "Dordzhieva, Dinara"]
[Black "Caglar, Sila"]
[Result "1-0"]
[ECO "A11"]
[WhiteElo "2306"]
[BlackElo "2306"]
[Annotator "NA"]
[PlyCount "73"]
[EventDate "2019.07.17"]
[EventType "team-tourn"]
[EventCountry "TUR"]
[SourceTitle "playchess.com"]
[Source "ChessBase"]
[SourceQuality "1"]
[TimeControl "40/5400+30:1800+30"]

1. Nf3 d5 2. c4 c6 3. g3 Bg4 4. Bg2 e6 5. cxd5 cxd5 6. Qa4+ Qd7 7. Qxg4 Nf6 8. Qd4 Nc6 9. Qa4 a6 10. O-O b5 11. Qb3 h5 12. h4 e5 13. d3 Bc5 14. Nc3 b4 15. Na4 Ba7 16. e4 Rb8 17. exd5 Na5 18. Qd1 Ng4 19. b3 O-O 20. Bb2 f6 21. d4 e4 22. Nh2 f5 23. Nxg4 hxg4 24. Nc5 Qxd5 25. Nxa6 Rb6 26. Nc5 Rd8 27. Qe2 Rbd6 28. Rac1 Bb6 29. Qb5 Nc6 30. Rfd1 Ba7 31. Qc4 Qxc4 32. Rxc4 Ne5 33. Rcc1 Rd5 34. Ne6 Nd3 35. Nxd8 Nxb2 36. Nc6 Nxd1 37. Ne7+ 1-0